 Dungeon Crawl Stone Soup version 0.31-a0-236-g9a0961fb85 (webtiles) character file.

Game seed: 11872267472430845251

135 qw the Shooter (level 4, -1/37 HPs)
             Began as a Minotaur Hexslinger on July 10, 2023.
             Slain by a kobold brigand
             ... wielding a +0 mace
              (6 damage)
             ... on level 3 of the Dungeon.
             The game lasted 00:00:50 (1692 turns).

qw the Shooter (Minotaur Hexslinger)                Turns: 1692, Time: 00:00:51

Health: -1/37      AC:  5    Str: 12    XL:     4   Next: 97%
Magic:  4/4        EV: 11    Int: 10    God:
Gold:   218        SH:  0    Dex: 15    Spells: 4/5 levels left

rFire   . . .        Y - +1 sling
rCold   . . .        (no shield)
rNeg    . . .        h - +0 ring mail
rPois   .            (helmet restricted)
rElec   .            (no cloak)
rCorr   .            (no gloves)
SInv    .            (no boots)
Will    .....        j - amulet of the acrobat
Stlth   +            g - +4 ring of slaying {mikee}
HPRegen 0.26/turn    (no ring)
MPRegen 0.09/turn

%: acrobat
@: no status effects
A: horns 2, retaliatory headbutt
a: no special abilities


You were on level 3 of the Dungeon.
You visited 1 branch of the dungeon, and saw 3 of its levels.

You collected 218 gold pieces.


Innate Abilities, Weirdness & Mutations

You have a pair of horns on your head.
You reflexively headbutt those who attack you in melee.


   Skills:
 + Level 2.7 Fighting
 - Level 5.0 Ranged Weapons
 - Level 1.2 Armour
 - Level 2.1 Dodging
 - Level 1.0 Spellcasting
 - Level 2.0 Hexes


You had 4 spell levels left.
You knew the following spells:

 Your Spells              Type           Power      Damage    Failure   Level
a - Slow                  Hex            16%        N/A       34%         1

Your spell library contained the following spells:

 Spells                   Type           Power      Damage    Failure   Level
 Inner Flame              Hex/Fire       2%         N/A       83%         3
 Portal Projectile        Hex/Tloc       4%         N/A       83%         3
 Cause Fear               Hex            2%         N/A       98%         4

Inventory:

Hand Weapons
 Y - a +1 sling (weapon)
Armour
 h - a +0 ring mail (worn)
Jewellery
 g - a +4 ring of slaying (left hand) {mikee}
 j - an amulet of the acrobat (around neck)
Scrolls
 b - a scroll of noise {unknown}
 c - a scroll of acquirement {unknown}
 m - a scroll of immolation {unknown}
 n - a scroll of teleportation {unknown}
Potions
 a - 4 potions of heal wounds {unknown}
 d - a potion of resistance {unknown}
 e - a potion of might
 f - 2 potions of curing {unknown}
 i - 2 potions of brilliance {unknown}
 k - a potion of enlightenment {unknown}
 l - a potion of attraction {unknown}

Dungeon Overview and Level Annotations

Branches:
Dungeon (3/15)

Altars:
Dithmenos


Message History

You shoot a sling bullet.
The sling bullet hits the kobold brigand.
The kobold brigand is lightly wounded.
You shoot a sling bullet.
The sling bullet completely misses the kobold brigand.
The kobold brigand throws a poisoned dart.
The poisoned dart closely misses you.
The kobold brigand throws a poisoned dart.
The poisoned dart barely misses you.
You shoot a sling bullet.
The sling bullet closely misses the kobold brigand.
You shoot a sling bullet.
The sling bullet hits the kobold brigand.
The kobold brigand is lightly wounded.
You shoot a sling bullet.
The sling bullet hits the kobold brigand but does no damage.
The kobold brigand is lightly wounded.
The kobold brigand closely misses you. You furiously retaliate!
You headbutt the kobold brigand!
The kobold brigand hits you with a +0 mace.
You shoot a sling bullet.
The sling bullet hits the kobold brigand but does no damage.
The kobold brigand is heavily wounded.
The kobold brigand hits you with a +0 mace!
You shoot a sling bullet.
The sling bullet closely misses the kobold brigand.
The kobold brigand hits you with a +0 mace!
You shoot a sling bullet.
The sling bullet barely misses the kobold brigand.
The kobold brigand barely misses you.
You shoot a sling bullet.
The sling bullet hits the kobold brigand!
The kobold brigand is almost dead.
The kobold brigand hits you with a +0 mace!
The kobold brigand hits you with a +0 mace.
You shoot a sling bullet.
The sling bullet hits the kobold brigand.
The kobold brigand is almost dead.
The kobold brigand hits you with a +0 mace.
You die...

##.......##...............######
##.......##......)........#####
...).....##...............#...###
.........########~~~~~##.##.#.#..
...######### ###~~~~~~~~....#....
...###.)...###~~~~~~~~###########
#.....)......######~### #..
.))...#####.......###... #.#
..#####~~~###...@K.....########.#
..##~~~~~~~~######...####..>....#
..###~~~~~~~~~### ###.........##
.######~~~......######.........#
.).......................>....<#
.#...#####.....................#
.#...# #.............##.######
.#...#####.............##'####
#...............#............#


You could see a kobold brigand.

Vanquished Creatures
  6 adders
  2 worms (D:3)
  4 dart slugs
  2 orcs (D:3)
  7 ball pythons
  5 endoplasms
  2 giant cockroaches
  7 goblins
  7 hobgoblins
  A jackal (D:1)
  3 quokkas
  4 bats
  3 frilled lizards (D:2)
  10 kobolds
  3 rats
66 creatures vanquished.

Notes
Turn   | Place    | Note
-------+----------+-------------------------------------------
     0 | D:1      | qw the Minotaur Hexslinger began the quest for the Orb.
     0 | D:1      | Reached XP level 1. HP: 16/16 MP: 1/1
     0 | D:1      | 0 ||| qw: Version: 0.3-a-52-g30416fa
     0 | D:1      | 0 ||| qw: Game counter: 4823
     0 | D:1      | 0 ||| qw: Melee chars always use a shield: true
     0 | D:1      | 0 ||| qw: God list: Okawaru
     0 | D:1      | 0 ||| qw: Allow faded altars: false
     0 | D:1      | 0 ||| qw: Do Orc after clearing Dungeon:15 true
     0 | D:1      | 0 ||| qw: Do second Lair branch before Depths: true
     0 | D:1      | 0 ||| qw: Lair rune preference: random
     0 | D:1      | 0 ||| qw: Goals: Normal
     0 | D:1      | 0 ||| PLANNING D:1-11
   103 | D:1      | Reached skill level 3 in Ranged Weapons
   147 | D:1      | Reached XP level 2. HP: 23/23 MP: 2/2
   627 | D:1      | 627 ||| UPGRADING to +0 leather armour.
   637 | D:1      | 637 ||| DROPPING +0 robe.
   638 | D:1      | 638 ||| UPGRADING to +0 ring mail.
   648 | D:1      | 648 ||| DROPPING +0 leather armour.
   649 | D:1      | 649 ||| UPGRADING to amulet of the acrobat.
   654 | D:1      | 654 ||| UPGRADING to +4 ring of slaying {mikee}.
   655 | D:1      | 655 ||| DROPPING scroll of poison.
   718 | D:2      | Reached XP level 3. HP: 28/29 MP: 3/3
   923 | D:2      | Reached skill level 4 in Ranged Weapons
  1003 | D:2      | Reached skill level 1 in Armour
  1073 | D:2      | Found a shadowy altar of Dithmenos.
  1107 | D:2      | 1107 ||| READING scroll labelled JUURAY WIBLOKI.
  1108 | D:2      | 1108 ||| READING scroll labelled VOLLONG TOYSM.
  1109 | D:2      | 1109 ||| DRINKING 2 white potions.
  1170 | D:3      | Reached XP level 4. HP: 36/36 MP: 4/4
  1325 | D:3      | Found a faded altar of an unknown god.
  1417 | D:3      | Reached skill level 5 in Ranged Weapons
  1649 | D:3      | 1649 ||| Stepping ~*~*~tactically~*~*~ (water).
  1680 | D:3      | Noticed a kobold brigand
  1691 | D:3      | HP: 7/37 [kobold brigand/+0 mace (11)]
  1692 | D:3      | Slain by a kobold brigand

Levels and vault maps discovered:
D:1:      dpeg_arrival_rhombi, layout_basic, minmay_tetromino_l4
D:2:      layout_rooms, basic_altar, reono_crystal_passage, serial_park_tiny_2
D:3:      cheibrodos_thug_alley, layout_basic,
          hellmonk_ecumenical_altar_leap_of_faith,
          minmay_misc_feat_more_columns, st_stairs_12

Skill      XL: |  1  2  3  4 |
---------------+-------------+-----
Ranged Weapons | 3 4 5 |  5.0
Fighting       | 2 |  2.7
Armour         | 1 |  1.2
Dodging        | |  2.1
Spellcasting   | |  1.0
Hexes          | |  2.0

Action                     |  1- 3 |  4- 6 || total
---------------------------+-------+-------++-------
   Fire: Sling             |   102 |    91 ||   193
    Use: Scroll            |     2 |       ||     2
         Potion            |     1 |       ||     1
 Armour: Robe              |     2 |       ||     2
         Ring mail         |     1 |    15 ||    16
  Dodge: Dodged            |    21 |    30 ||    51

Table legend:
 A = Non-vault XP
 B = Vault XP
 C = Vault XP percentage of total XP
 D = Non-vault monster count
 E = Vault monster count
 F = Vault count percentage of total count
                 A         B        C        D         E       F
            +---------+---------+-------+---------+---------+-------
      Total |     175 |      19 |   9.8 |      55 |      11 |  16.7
            +---------+---------+-------+---------+---------+-------
        D:1 |      31 |       6 |  16.2 |      16 |       3 |  15.8
        D:2 |      42 |       0 |   0.0 |      18 |       0 |   0.0
        D:3 |     102 |      13 |  11.3 |      21 |       8 |  27.6
            +---------+---------+-------+---------+---------+-------
